 Dungeon Crawl Stone Soup version 0.28.0 (webtiles) character file.

Game seed: 800864534953770934

275 SnakkuSnakku7 the Chopper (level 6, -2/52 HPs)
             Began as a Hill Orc Delver on Feb 6, 2022.
             Slain by an orc (6 damage)
             ... on level 4 of the Dungeon.
             The game lasted 00:07:26 (4544 turns).

SnakkuSnakku7 the Chopper (Hill Orc Delver)         Turns: 4544, Time: 00:07:27

Health: -2/52      AC:  9    Str: 17    XL:     6   Next: 25%
Magic:  6/6        EV:  7    Int: 10    God:
Gold:   81         SH:  0    Dex: 12    Spells: 5/5 levels left

rFire   . . .      SeeInvis .   a - +0 war axe
rCold   . . .      Faith    .   (no shield)
rNeg    . . .      Spirit   .   j - +0 chain mail
rPois   .          Reflect  .   n - +0 helmet
rElec   .          Harm     .   (no cloak)
rCorr   .          Rampage  .   (no gloves)
Will    .....                   (no boots)
Stlth   ..........              (no amulet)
HPRegen 0.17/turn               (no ring)
MPRegen 0.10/turn               (no ring)

@: no status effects
A: no striking features
a: no special abilities


You were on level 4 of the Dungeon.
You visited 1 branch of the dungeon, and saw 5 of its levels.

You collected 81 gold pieces.

Inventory:

Hand Weapons
 a - a +0 war axe (weapon)
 b - a +0 spear of venom
Missiles
 k - 9 poisoned darts (quivered)
Armour
 g - a +0 leather armour
 j - a +0 chain mail (worn)
 n - a +0 helmet (worn)
Wands
 v - a wand of digging (3)
Scrolls
 c - 2 scrolls of fog
 d - a scroll of magic mapping
 e - a scroll of fear
 h - 2 scrolls of amnesia {unknown}
 m - a scroll of vulnerability {unknown}
 o - 3 scrolls of teleportation {unknown}
 t - a scroll of noise {unknown}
 u - a scroll of enchant armour {unknown}
Potions
 f - a potion of haste
 i - a potion of curing {unknown}
 l - a potion of ambrosia
 p - a potion of mutation
 q - 2 potions of berserk rage {unknown}
 r - 2 potions of brilliance
 s - a potion of lignification


   Skills:
 - Level 4.0 Fighting
 + Level 6.2 Axes
 + Level 3.4 Throwing
 - Level 1.5 Dodging
 - Level 4.1 Stealth


You had 5 spell levels left.
You didn't know any spells.
Your spell library contained the following spells:

 Spells                   Type           Power      Damage    Failure   Level
 Confusing Touch          Hex            0%         N/A       100%        3
 Yara's Violent Unravell  Hex/Tmut       0%         3d3       100%        5
 Enfeeble                 Hex            0%         N/A       100%        7


Dungeon Overview and Level Annotations

Branches:
Dungeon (5/15)
 Temple: D:4-7

Altars:
Makhleb


Message History

Something hits you but does no damage.
You closely miss something. The orc closely misses you. Something hits you.
The orc hits you but does no damage.
You miss something. Something hits you but does no damage.
The orc hits you but does no damage.
You miss something.
You hear some strange, mumbled words.
A puff of flame appears from out of thin air!
The puff of flame hits you. The orc hits you but does no damage.
Something hits you but does no damage.
You closely miss something.
The orc hits you from afar with a +0 trident.
Something hits you but does no damage.
You miss something.
The orc hits you from afar with a +0 trident.
Something hits you.
* * * LOW HITPOINT WARNING * * *
You closely miss something.
The orc hits you from afar with a +0 trident.
* * * LOW HITPOINT WARNING * * *
Something hits you.
* * * LOW HITPOINT WARNING * * *
The orc barely misses you.
You slash something!
Reactivating autopickup.
You feel a bit more experienced. The orc hits you but does no damage.
Unknown command.
The orc barely misses you.
Items here: )) [[ †.
You hit the orc.
The orc is moderately wounded.
The orc hits you with a +0 trident!
* * * LOW HITPOINT WARNING * * *
You hit the orc.
The orc is severely wounded.
The orc hits you but does no damage.
You closely miss the orc.
The orc is severely wounded.
The orc hits you with a +0 trident.
You die...

........# ########
........#######......#
..............#......#
..............#.....(#
..............#......#
..............#......#
..............#......#
........o.....#......#
........)@....###....#
..#######'#.....#....#
..#.......#.....#....#
#.......#.....#....#
#.......#.....#....#
#.......#.....#'#####
#.......#...[.......#
#.......#...........#
#.......#...........#


You could see an orc.

Vanquished Creatures
  A scorpion (D:3)
  A gnoll shaman (D:1)
  Terence (D:3)
  An orc wizard (D:4)
  6 gnolls
  An adder (D:2)
  2 worms (D:2)
  3 dart slugs
  3 orcs
  3 bats
  4 endoplasms
  A giant cockroach (D:3)
  5 goblins
  3 hobgoblins
  9 jackals (D:2)
  2 quokkas
  5 ball pythons
  2 frilled lizards (D:1)
  5 kobolds
  3 rats
61 creatures vanquished.

Notes
Turn   | Place    | Note
-------+----------+-------------------------------------------
     0 | D:5      | SnakkuSnakku7 the Hill Orc Delver began the quest for the
                  | Orb.
     0 | D:5      | Reached XP level 1. HP: 19/19 MP: 1/1
    11 | D:4      | Noticed a jelly
    80 | D:3      | Noticed Terence
    92 | D:3      | Found a burning altar of Makhleb.
   280 | D:2      | Reached skill level 3 in Axes
   292 | D:2      | Reached XP level 2. HP: 11/27 MP: 2/2
   799 | D:1      | Reached skill level 1 in Throwing
   799 | D:1      | Reached XP level 3. HP: 33/33 MP: 3/3
  1304 | D:2      | Reached skill level 4 in Axes
  1760 | D:3      | Killed Terence
  1761 | D:3      | Reached XP level 4. HP: 27/40 MP: 4/4
  2421 | D:3      | Reached skill level 5 in Axes
  2421 | D:3      | Reached XP level 5. HP: 36/46 MP: 5/5
  3052 | D:2      | Found a faded altar of an unknown god.
  4091 | D:3      | Reached skill level 6 in Axes
  4091 | D:3      | Reached XP level 6. HP: 23/52 MP: 6/6
  4544 | D:4      | Slain by an orc

Illustrated notes

Levels and vault maps discovered:
D:1:      lemuel_arrival_room, layout_basic, nicolae_wormholes
D:2:      layout_basic, basic_ecumenical_altar
D:3:      layout_basic, bloody_makhleb, uniq_terence
D:4:      layout_gridville, led_sif_pool
D:5:      layout_cave_pods, kennysheep_mini, nicolae_hepliaklqana_hazy_memory,
          trog_three_pillars_becter, minmay_temple_entry_poolview

Skill      XL: |  1  2  3  4  5 |
---------------+----------------+-----
Axes           | 3 4 5 6 |  6.2
Fighting       | 4 |  4.0
Throwing       | 1 2 3 |  3.4
Dodging        | |  1.5
Stealth        | |  4.1

Action                   |  1- 3 |  4- 6 || total
-------------------------+-------+-------++-------
Melee: Hand axe          |   107 |    38 ||   145
       Punch             |     1 |       ||     1
       War axe           |       |    59 ||    59
       Spear             |       |     6 ||     6
Throw: Dart              |     6 |    12 ||    18
  Use: Scroll            |       |     4 ||     4
Armor: Leather armour    |     7 |       ||     7
       Chain mail        |    70 |    66 ||   136
Dodge: Dodged            |    51 |    41 ||    92
